 Dungeon Crawl Stone Soup version 0.31-a0-1496-g79c7dd0eeb (webtiles) character file.

Game seed: 3892745953472987414

141538 tsouns the Zephyrmancer (level 17, -5/117 HPs)
             Began as an Octopode Air Elementalist on Dec 29, 2023.
             Was an Initiate of Gozag.
             Shot with a bolt by a naga sharpshooter (25 damage)
             ... on level 3 of the Snake Pit.
             The game lasted 01:48:48 (48907 turns).

tsouns the Zephyrmancer (OpAE)                     Turns: 48907, Time: 01:48:50

Health: -5/117     AC: 13    Str:  9    XL:     17   Next: 33%
Magic:  5/43       EV: 21    Int: 29    God:    Gozag
Gold:   8151       SH: 18    Dex: 20    Spells: 14/43 levels left

rFire   . . .        S - +1 trident "Sueh Vua" {venom, rN+ Dex+3}
rCold   + . .        C - +0 kite shield
rNeg    + . .        (helmet restricted)
rPois   .            c - amulet "Qoder" {Reflect rC+ SH+5 Stlth+}
rElec   +            l - ring of magical power
rCorr   +            b - ring "Put-Me-On" {rElec Will+ rCorr Str-4 SInv}
SInv    +            y - +6 ring of intelligence
Will    ++...        X - +5 ring of evasion
Stlth   +++++++      g - +4 ring of protection
HPRegen 0.39/turn    I - +4 ring of protection
MPRegen 0.28/turn    F - +6 ring of strength
                     M - +4 ring of protection

%: reflection
@: lethally poisoned (-5 -> -19), gold aura, studying Maces & Flails
A: almost no armour, amphibious, 8 rings, camouflage 1, gelatinous body 1,
(nimble swimmer 1), tentacles, agile 1
a: Renounce Religion, Potion Petition, Call Merchant, Bribe Branch


You were on level 3 of the Snake Pit.
You worshipped Gozag.
Gozag was greatly pleased with you.
You visited 4 branches of the dungeon, and saw 25 of its levels.
You also visited: Bailey.

You collected 11641 gold pieces.
You spent 2942 gold pieces at shops.
You paid 548 gold pieces to Gozag.

Inventory:

Hand Weapons
 S - the +1 trident "Sueh Vua" (weapon) {venom, rN+ Dex+3}
   (You found it on level 3 of the Lair of Beasts)

   Dex+3:     It affects your dexterity (+3).
   rN+:       It protects you from negative energy.
 V - a +4 heavy demon trident
Missiles
 q - 13 throwing nets
 u - a curare-tipped dart
Armour
 C - a +0 kite shield (worn)
 N - a +2 tower shield of protection
Magical Staves
 v - the staff "Concordance" {Fly rPois Will+ Int+3 Fire Alchemy}
   (You found it in a bailey)

   [staff of alchemy]

   Base accuracy: +5 Base damage: 5 Base attack delay: 1.2 This weapon's minimum
   attack delay (0.6) is reached at skill level 12.
   Int+3:     It affects your intelligence (+3).
   rPois:     It protects you from poison Will+: It increases your willpower.
   Fly:       It grants you flight.
   Fire:      It increases the power of your Fire spells.
   Alchemy:   It increases the power of your Alchemy spells.
   It falls into the 'Staves' category.
   It is a one-tentacled weapon.
Jewellery
 b - the ring "Put-Me-On" (right tentacle) {rElec Will+ rCorr Str-4 SInv}
   (You bought it in a shop on level 11 of the Dungeon)

   [ring of see invisible]

   Str-4:     It affects your strength (-4).
   rElec:     It insulates you from electricity.
   Will+:     It increases your willpower.
   SInv:      It lets you see invisible.
   rCorr:     It protects you from acid and corrosion.
 c - the amulet "Qoder" (around mantle) {Reflect rC+ SH+5 Stlth+}
   (You bought it in a shop on level 2 of the Orcish Mines)

   [amulet of reflection]

   Reflect:   It reflects blocked missile attacks.
   rC+:       It protects you from cold.
   SH+5:      It affects your SH (+5).
   Stlth+:    It makes you more stealthy.
 g - a +4 ring of protection (on tentacle)
 h - an amulet of regeneration
 l - a ring of magical power (left tentacle)
 y - a +6 ring of intelligence (on tentacle)
 F - a +6 ring of strength (on tentacle)
 I - a +4 ring of protection (on tentacle)
 M - a +4 ring of protection (on tentacle)
 X - a +5 ring of evasion (on tentacle)
Talismans
 E - a serpent talisman
 G - a flux talisman
Wands
 i - a wand of flame (125)
 n - a wand of polymorph (19)
 z - a wand of mindburst (4)
 B - a wand of iceblast (12)
 D - a wand of charming (4)
 L - a wand of digging (5)
 Y - a wand of acid (5)
Scrolls
 e - 2 scrolls of vulnerability
 m - a scroll of blinking
 o - 4 scrolls of noise
 w - 4 scrolls of amnesia
 A - 2 scrolls of torment
 H - 6 scrolls of teleportation
 J - 2 scrolls of immolation
 Q - 4 scrolls of identify
 R - a scroll of revelation
 U - a scroll of poison
 Z - a scroll of fog
Potions
 a - 4 potions of magic
 d - 8 potions of brilliance
 f - a potion of haste
 j - 2 potions of degeneration
 k - 9 potions of curing
 p - a potion of enlightenment
 r - 3 potions of cancellation
 s - 3 potions of invisibility
 t - 2 potions of mutation
 x - 2 potions of resistance
 K - 2 potions of lignification
 O - a potion of attraction
 P - a potion of berserk rage
 T - 3 potions of heal wounds
 W - 5 potions of might


   Skills:
 - Level 11.3 Fighting
 - Level 5.2 Maces & Flails
 - Level 1.9 Polearms
 - Level 6.8 Dodging
 - Level 12.5 Stealth
 - Level 11.8 Shields
 - Level 13.7 Spellcasting
 - Level 10.7 Conjurations
 + Level 8.0 Fire Magic
 + Level 14.5 Air Magic


You had 14 spell levels left.
You knew the following spells:

 Your Spells              Type           Power      Damage    Failure   Level
a - Shock                 Conj/Air       100%       1d9       1%          1
b - Static Discharge      Conj/Air       100%       3-8/arc   1%          2
c - Swiftness             Air            81%        N/A       1%          3
d - Airstrike             Air            40%        2d(6-22)  1%          4
e - Stone Arrow           Conj/Erth      100%       3d13      2%          3
f - Plasma Beam           Fire/Air       35%        2x1d49    11%         6
g - Arcjolt               Conj/Air       37%        1d47      1%          5
h - Fireball              Conj/Fire      32%        3d14      4%          5

Your spell library contained the following spells:

 Spells                   Type           Power      Damage    Failure   Level
 Cigotuvi's Dreadful Rot  Necr/Alch/Air  96%        N/A       1%          2
 Hailstorm                Conj/Ice       50%        3d10      2%          3
 Vhi's Electric Charge    Tloc/Air       100%       N/A       3%          4
 Apportation              Tloc           38%        N/A       7%          1
 Jinxbite                 Hex            38%        N/A       11%         2
 Sublimation of Blood     Necr           19%        N/A       11%         2
 Ozocubu's Armour         Ice            19%        N/A       22%         3
 Summon Ice Beast         Ice/Summ       19%        N/A       22%         3
 Irradiate                Conj/Alch      25%        3d20      22%         5
 Cause Fear               Hex            9%         N/A       56%         4
 Dispel Undead            Necr           19%        3d11      56%         4
 Leda's Liquefaction      Alch/Erth      9%         N/A       56%         4
 Martyr's Knell           Necr/Summ      19%        N/A       56%         4
 Petrify                  Alch/Erth      19%        N/A       56%         4
 Maxwell's Capacitive Co  Air            40%        ∞         75%         8
 Bombard                  Conj/Erth      25%        9d5       77%         6
 Alistair's Intoxication  Alch           12%        N/A       89%         5
 Lee's Rapid Deconstruct  Erth           9%         3d7*      89%         5
 Metabolic Englaciation   Hex/Ice        9%         N/A       89%         5
 Death Channel            Necr           9%         N/A       100%        6
 Ozocubu's Refrigeration  Ice            9%         4d9       100%        7
 Lehudib's Crystal Spear  Conj/Erth      25%        10d7      100%        8
 Dragon's Call            Summ           9%         N/A       100%        9
 Polar Vortex             Ice            9%         12d1*     100%        9
 Animate Armour           Summ/Erth      Unusable   N/A       N/A         4
 Sculpt Simulacrum        Ice/Alch       Unusable   N/A       N/A         6

Dungeon Overview and Level Annotations

Branches:
Dungeon (15/15)            Temple (0/1) D:6            Lair (5/5) D:11
  Swamp (0/4) Lair:3        Snake (3/4) Lair:2        Slime (0/5) Lair:5
    Orc (2/2) D:10            Elf (0/3) Orc:2        Vaults (0/5) D:13
 Depths (0/4) D:15         Bailey (visited)

Altars:
Ashenzari
Cheibriados
Fedhas
Gozag
Makhleb
Nemelex Xobeh
Okawaru
Ru
Zin
Jiyva

Shops:
D:6 *   D:11 =   D:13 :   D:14 !   Orc:2 ((*=   Snake:3 [

Annotations:
D:3 2 transporters, initializr's ghost, weakling VSBr
D:4 3 runed translucent doors, Vorhees's ghost, amateur OnGl
D:5 1 runed translucent door, Arcadio's ghost, amateur DECj
D:7 2 runed translucent doors, bumbalina's ghost, novice DsHu
D:14 2 transporters, Koneso's ghost, journeyman DjCj
D:15 2 runed translucent doors, Jeromn Koenk's ghost, adept OpSh
Lair:4 1 runed translucent door, Kely's ghost, journeyman OpSh


Innate Abilities, Weirdness & Mutations

You cannot wear most types of armour.
You are amphibious.
You can wear up to eight rings at the same time.
Your skin changes colour to match your surroundings (Stealth+).
Your rubbery body absorbs attacks. (AC +1, EV +1)
((You are camouflaged when in or above water. (Stealth+)))
You have tentacles for arms and can constrict up to eight enemies at once.
You are agile. (Dex +4, Str/Int -1)


Message History

The bolt hits the naga sharpshooter!!
The naga mage gestures at you while chanting.
The bolt of poison hits the naga.
The naga is poisoned.
The bolt of poison hits the naga sharpshooter.
The bolt of poison misses you.
You hit the naga sharpshooter but do no damage.
The naga sharpshooter is moderately wounded.
The naga mage casts a spell at you.
The bolt of poison hits the naga.
The bolt of poison hits the naga sharpshooter.
The bolt of poison hits you!!
You are poisoned.
* * * LOW HITPOINT WARNING * * *
The naga sharpshooter spits poison at you.
You block the splash of poison... and reflect it back!
The splash of poison hits the naga sharpshooter.
The naga misses you.
The naga sharpshooter shoots a bolt.
You block the bolt with an invisible shield... and reflect it back!
The bolt closely misses the naga sharpshooter.
You feel better.
The naga sharpshooter gestures wildly while chanting.
You feel better.
The naga sharpshooter mumbles some strange words.
The naga sharpshooter magically shoots a bolt.
You block the bolt with an invisible shield... and reflect it back!
You hit the naga sharpshooter.
The naga sharpshooter is poisoned.
You squeeze the naga sharpshooter.
The naga sharpshooter is heavily wounded.
The naga mage points at the naga and mumbles some strange words.
The naga seems to grow toxic.
The naga mage points at you and mumbles some strange words.
The bolt of poison hits the naga sharpshooter.
The bolt of poison hits you.
You are poisoned.
* * * LOW HITPOINT WARNING * * *
The naga sharpshooter casts a spell.
The naga sharpshooter magically shoots a bolt.
The bolt hits you!!
You die...
Your body crumbles into a pile of gold.

#..... #.....#########
#..............
#.............. #............
...........############
...........#@#..#.#...#
.......)#####N......###......
.......)N....N#########......
........#....N#.....#.#......
.......##.$...#......##......
.......#).....#......##......
.......#[.....#.....#.#......
#......#......#.......#......
#......#......###..#..'......


You could see a naga sharpshooter (very poisoned), a naga mage (fast) and a naga
(curare, poisoned).

Vanquished Creatures
  Rupert (D:12)
  Jorgrun (D:15)
  Agnes (D:15)
  Roxanne (D:15)
  2 orc warlords (Orc:1)
  Louise (Snake:2)
  A dire elephant (D:15)
  Harold (D:9)
  An entropy weaver (shapeshifter) (D:15)
  4 hydras
  An ice dragon (D:13)
  A merfolk avatar (Lair:5)
  A catoblepas (D:13)
  4 centaur warriors
  3 anacondas
  7 two-headed ogres
  3 boulder beetles
  10 death yaks
  A tengu warrior (D:15)
  10 naga warriors
  3 orc high priests (Orc:2)
  10 naga sharpshooters
  4 shock serpents
  3 skysharks
  A salamander mystic (D:15)
  Nergalle (D:11)
  A sea snake (Lair:5)
  3 naga ritualists
  A bog body (Lair:3)
  A necromancer (Lair:3)
  A harpy (shapeshifter) (D:15)
  7 orc knights
  2 deep elf pyromancers
  2 harpies (Lair:5)
  9 orc sorcerers
  5 ugly things
  11 salamanders
  6 mana vipers
  4 manticores
  Maurice (D:7)
  A cyclops (Orc:1)
  A meliai (D:15)
  15 black mambas
  3 kobold blastminers
  28 elephants
  Joseph (D:7)
  4 guardian serpents
  5 naga magi
  10 cane toads
  11 komodo dragons
  A gargoyle (D:12)
  A yaktaur (D:13)
  4 rime drakes
  A kobold demonologist (D:10)
  3 freezing wraiths
  An efreet (D:14)
  3 tengu conjurers (D:15)
  A wind drake (Lair:5)
  7 polar bears
  7 trolls
  2 hornets
  5 dream sheep (Lair:3)
  24 blink frogs
  A snapping turtle (Lair:5)
  19 slime creatures
  A centaur simulacrum (D:13)
  2 water elementals (D:11)
  A wraith (D:14)
  A yak (shapeshifter) (D:10)
  8 wyverns
  A vampire (D:13)
  51 yaks
  7 basilisks
  3 wargs (Orc:1)
  2 steam dragons
  A death yak simulacrum (Lair:1)
  3 vampire mosquitoes (D:14)
  33 nagas
  2 acid dragons
  6 water moccasins
  2 hell hounds (Orc:1)
  2 black bears
  An ice beast (D:5)
  30 orc warriors
  22 centaurs
  11 ogres
  23 wolves
  2 kobold brigands
  11 gnoll sergeants
  9 bullfrogs
  3 scorpions
  13 wights
  13 killer bees
  7 howler monkeys
  6 electric eels
  A crimson imp (D:6)
  A bombardier beetle (D:6)
  8 gnoll boudas
  3 jellies
  21 orc priests
  8 hounds
  4 iguanas
  4 sleepcaps
  Jessica (D:2)
  35 orc wizards
  2 polar bear simulacra (Lair:3)
  2 hell rats (Lair:5)
  3 yak simulacra (Lair:3)
  A wolf simulacrum (Lair:3)
  12 adders
  41 gnolls
  8 river rats (Lair:5)
  A white imp (D:5)
  4 worms
  4 dart slugs
  63 orcs
  8 ball pythons
  6 bats
  7 endoplasms
  5 giant cockroaches
  4 goblins
  7 hobgoblins
  2 jackals (D:2)
  3 quokkas
  3 frilled lizards
  21 kobolds
  5 rats
  5 river rat simulacra (Lair:3)
870 creatures vanquished.

Vanquished Creatures (collateral kills)
  A yaktaur (D:13)
  2 yaks (D:9)
  2 orc warriors (D:13)
  A centaur (D:13)
6 creatures vanquished.

Vanquished Creatures (others)
  An ogre mage (D:13)
  A centaur warrior (D:13)
  A naga warrior (Snake:2)
  A yak (D:9)
  A killer bee (D:9)
5 creatures vanquished.

Grand Total: 881 creatures vanquished

Notes
Turn   | Place    | Note
-------+----------+-------------------------------------------
     0 | D:1      | tsouns the Octopode Air Elementalist began the quest for
                  | the Orb.
     0 | D:1      | Reached XP level 1. HP: 11/11 MP: 3/3
   165 | D:1      | Reached XP level 2. HP: 17/17 MP: 0/5
   734 | D:1      | Reached XP level 3. HP: 21/21 MP: 1/6
   737 | D:1      | Learned a level 2 spell: Static Discharge
   741 | D:1      | Learned a level 3 spell: Swiftness
  1415 | D:2      | Reached XP level 4. HP: 26/27 MP: 2/7
  1496 | D:2      | Noticed Jessica
  1501 | D:2      | Killed Jessica
  1645 | D:2      | Found an iron altar of Okawaru.
  1908 | D:2      | Found a faded altar of an unknown god.
  2249 | D:3      | Found a transporter.
  2318 | D:3      | Reached XP level 5. HP: 31/31 MP: 5/9
  2739 | D:3      | Found a transporter.
  2746 | D:3      | Noticed initializr's ghost (weakling VSBr)
  3338 | D:4      | Noticed a black bear
  3350 | D:4      | Killed a black bear
  3351 | D:4      | Reached skill level 4 in Air Magic
  3351 | D:4      | Reached XP level 6. HP: 27/36 MP: 10/10
  3429 | D:4      | Found a runed translucent gate.
  3429 | D:4      | Found a runed translucent gate.
  3429 | D:4      | Found a runed translucent gate.
  3430 | D:4      | Noticed Vorhees's ghost (amateur OnGl)
  3488 | D:4      | Found an opulent altar of Gozag.
  3502 | D:4      | Reached skill level 5 in Stealth
  3517 | D:4      | Became a worshipper of Gozag Ym Sagoz the Greedy
  4115 | D:4      | Reached XP level 7. HP: 22/41 MP: 12/12
  4586 | D:5      | Entered Level 5 of the Dungeon
  4586 | D:5      | Noticed Arcadio's ghost (amateur DECj)
  4586 | D:5      | Found a runed translucent door.
  5021 | D:5      | Reached skill level 5 in Air Magic
  5299 | D:5      | Reached XP level 8. HP: 46/46 MP: 14/14
  5823 | D:6      | Found a staircase to the Ecumenical Temple.
  6280 | D:6      | Found Xecuekit's Gadget Gallery.
  6438 | D:6      | Found a burning altar of Makhleb.
  6985 | D:7      | Found a flagged portal.
  6998 | Bailey   | Entered a bailey
  7007 | Bailey   | Reached skill level 5 in Conjurations
  7009 | Bailey   | Reached skill level 5 in Spellcasting
  7252 | Bailey   | Reached skill level 6 in Air Magic
  7438 | Bailey   | Reached XP level 9. HP: 51/51 MP: 15/17
  7763 | Bailey   | Learned a level 4 spell: Airstrike
  7767 | Bailey   | Learned a level 3 spell: Stone Arrow
  7973 | Bailey   | Reached skill level 1 in Fighting
  8348 | Bailey   | Identified the staff "Concordance" {Fly rPois Will+ Int+3
                  | Fire Alchemy}
  8481 | D:7      | Noticed Maurice
  8489 | D:7      | Killed Maurice
  8490 | D:7      | Reached skill level 7 in Air Magic
  8917 | D:7      | Found a large runed translucent door.
  8967 | D:7      | Reached XP level 10. HP: 47/63 MP: 8/19
  9273 | D:7      | Noticed Joseph
  9277 | D:7      | Killed Joseph
  9812 | D:7      | Reached skill level 8 in Air Magic
 10355 | D:7      | You are sucked into a shaft and drop 3 floors!
 10355 | D:10     | Entered Level 10 of the Dungeon
 10893 | D:7      | Found a large runed translucent door.
 10894 | D:7      | Noticed bumbalina's ghost (novice DsHu)
 11035 | D:7      | Reached skill level 1 in Shields
 11595 | D:8      | Reached skill level 5 in Fighting
 12850 | D:9      | Reached XP level 11. HP: 47/72 MP: 7/22
 13086 | D:9      | Noticed Harold
 13091 | D:9      | Killed Harold
 13141 | D:9      | Reached skill level 9 in Air Magic
 13548 | D:9      | Found a sacrificial altar of Ru.
 13709 | D:9      | Found a faded altar of an unknown god.
 13709 | D:9      | Found a sparkling altar of Nemelex Xobeh.
 13716 | D:9      | Found a faded altar of an unknown god.
 13718 | D:9      | Found a snail-covered altar of Cheibriados.
 13720 | D:9      | Found a blossoming altar of Fedhas.
 14192 | D:10     | HP: 3/72 [black mamba (shapeshifter) (16)]
 14459 | D:10     | Gained mutation: Your magical capacity is low. (-10% MP)
                  | [potion of mutation]
 14459 | D:10     | Gained mutation: You are covered in fur. (AC +1) [potion of
                  | mutation]
 14460 | D:10     | Lost mutation: Your magical capacity is low. (-10% MP)
                  | [potion of mutation]
 14460 | D:10     | Lost mutation: You are covered in fur. (AC +1) [potion of
                  | mutation]
 14460 | D:10     | Gained mutation: You are agile. (Dex +4, Str/Int -1)
                  | [potion of mutation]
 14476 | D:10     | Noticed a two-headed ogre
 14479 | D:10     | Killed a two-headed ogre
 14989 | D:10     | Noticed a two-headed ogre
 14993 | D:10     | Killed a two-headed ogre
 15229 | D:10     | Found a staircase to the Orcish Mines.
 15418 | Orc:1    | Entered Level 1 of the Orcish Mines
 15441 | Orc:1    | Noticed a cyclops
 15443 | Orc:1    | Killed a cyclops
 15897 | Orc:1    | Reached skill level 5 in Shields
 15897 | Orc:1    | Reached XP level 12. HP: 80/80 MP: 24/24
 16751 | D:11     | Found Veiseana's Jewellery Shop.
 16941 | D:11     | Bought the ring "Put-Me-On" {rElec Will+ rCorr Str-4 SInv}
                  | for 477 gold pieces
 16941 | D:11     | Bought a +4 ring of protection for 540 gold pieces
 16941 | D:11     | Bought a +4 ring of protection for 540 gold pieces
 17060 | D:11     | Noticed Nergalle
 17067 | D:11     | Killed Nergalle
 17068 | D:11     | Reached skill level 10 in Air Magic
 17607 | D:11     | Found a staircase to the Lair.
 17733 | D:11     | Noticed a boulder beetle
 17976 | D:11     | Killed a boulder beetle
 18470 | D:11     | Noticed a two-headed ogre
 18473 | D:11     | Killed a two-headed ogre
 18750 | Lair:1   | Entered Level 1 of the Lair of Beasts
 19216 | Lair:1   | Reached skill level 10 in Conjurations
 20141 | Lair:1   | Reached XP level 13. HP: 88/89 MP: 14/26
 20946 | Lair:2   | Reached skill level 11 in Air Magic
 21135 | Lair:2   | Reached skill level 10 in Spellcasting
 21581 | Lair:2   | Reached skill level 1 in Maces & Flails
 22907 | Lair:2   | Found a staircase to the Snake Pit.
 23725 | Lair:2   | Reached skill level 10 in Stealth
 23727 | Lair:2   | Reached XP level 14. HP: 98/98 MP: 16/28
 23884 | Lair:3   | Reached skill level 5 in Maces & Flails
 24195 | Lair:3   | Found a staircase to the Swamp.
 24398 | Lair:3   | Found a broken altar of Ashenzari.
 24664 | Lair:3   | Identified the +1 trident "Sueh Vua" {venom, rN+ Dex+3}
 25508 | Lair:4   | Reached skill level 10 in Fighting
 25838 | Lair:4   | Found a runed translucent door.
 25838 | Lair:4   | Identified the +7 trident of the Hidden Towns {vamp, *Noise
                  | Str+2 Int+2 Dex+5}
 25842 | Lair:4   | Noticed Kely's ghost (journeyman OpSh)
 25941 | Lair:4   | Reached skill level 5 in Dodging
 26460 | Lair:5   | Entered Level 5 of the Lair of Beasts
 29441 | Lair:4   | Reached XP level 15. HP: 72/105 MP: 12/30
 29980 | Lair:5   | Identified a scroll of acquirement
 29981 | Lair:5   | Acquired 748 gold pieces
 30478 | Lair:5   | Found a viscous altar of Jiyva.
 30749 | Lair:5   | Found a staircase to the Slime Pits.
 31518 | Orc:1    | Reached skill level 10 in Shields
 31711 | Orc:1    | Noticed an orc warlord
 31725 | Orc:1    | Killed an orc warlord
 31980 | Orc:1    | Reached skill level 1 in Polearms
 31980 | Orc:1    | Identified the +10 war axe of Skirmishing {spect, rF+}
 32138 | Orc:1    | Noticed an orc warlord
 32374 | Orc:1    | Killed an orc warlord
 33233 | Orc:2    | Entered Level 2 of the Orcish Mines
 33336 | Orc:2    | Found a staircase to the Elven Halls.
 35333 | Orc:2    | Found Oxzeh's Jewellery Emporium.
 35338 | Orc:2    | Found Fimep's General Store.
 35678 | Orc:2    | Bought the amulet "Qoder" {Reflect rC+ SH+5 Stlth+} for 655
                  | gold pieces
 35697 | Orc:2    | Found Dysa Woo's Weapon Boutique.
 35700 | Orc:2    | Found Ciack's Weapon Emporium.
 36610 | D:12     | Noticed Rupert
 36628 | D:12     | Killed Rupert
 37878 | D:13     | Reached skill level 12 in Air Magic
 38433 | D:13     | Reached XP level 16. HP: 112/112 MP: 32/32
 38494 | D:13     | Found Zin's Purification Station.
 38497 | D:13     | Found a glowing silver altar of Zin.
 38500 | D:13     | Bought a potion of curing for 90 gold pieces
 39541 | D:13     | Found a gate to the Vaults.
 39665 | D:13     | Bought a book of Lightning for 432 gold pieces
 39675 | D:13     | Learned a level 6 spell: Plasma Beam
 39681 | D:13     | Learned a level 5 spell: Arcjolt
 39687 | D:13     | Learned a level 5 spell: Fireball
 39689 | D:14     | Found Foazuoq's Distillery.
 39694 | D:14     | Found a transporter.
 39696 | D:14     | Found a transporter.
 39697 | D:14     | Bought a potion of curing for 39 gold pieces
 39697 | D:14     | Bought a potion of enlightenment for 65 gold pieces
 39697 | D:14     | Bought a potion of invisibility for 104 gold pieces
 39697 | D:14     | Noticed Koneso's ghost (journeyman DjCj)
 40031 | D:14     | Reached skill level 1 in Fire Magic
 40860 | D:15     | Entered Level 15 of the Dungeon
 40860 | D:15     | Noticed Roxanne
 41401 | D:15     | Killed Roxanne
 41535 | D:15     | Noticed Jorgrun
 41544 | D:15     | Killed Jorgrun
 42008 | D:15     | Found a large runed translucent door.
 42008 | D:15     | Found a large runed translucent door.
 42013 | D:15     | Noticed Jeromn Koenk's ghost (adept OpSh)
 42153 | D:15     | Noticed Agnes
 42159 | D:15     | Killed Agnes
 42690 | D:15     | Found a staircase to the Depths.
 42925 | D:15     | Reached skill level 13 in Air Magic
 43496 | Snake:1  | Entered Level 1 of the Snake Pit
 44714 | Snake:1  | HP: 4/112 [anaconda (10)]
 44904 | Snake:1  | Reached skill level 5 in Fire Magic
 46620 | Snake:2  | Reached XP level 17. HP: 117/117 MP: 27/34
 47020 | Snake:2  | Found the +1 cloak of Starlight {*Dazzle EV+4 Stlth--}
 47091 | Snake:2  | Noticed Louise
 47099 | Snake:2  | Killed Louise
 47488 | Snake:2  | Reached skill level 14 in Air Magic
 48450 | Snake:3  | Found Gyonnobb's Antique Armour Boutique.
 48907 | Snake:3  | Shot with a bolt by a naga sharpshooter

Illustrated notes

Levels and vault maps discovered:
D:1:      mrwooster_arrival_statue, layout_basic, ebering_dispersal_statue_hall
D:2:      layout_rooms, basic_altar, ebering_ecumenical_altar_box, uniq_jessica
D:3:      layout_loops_ring, gammafunk_ghost_stat_death, minmay_pentangle
D:4:      minmay_chambers_of_fours, layout_basic, nicolae_gozag_seed_capital,
          gammafunk_ghost_split, fountainhead
D:5:      layout_rooms, ebering_ghost_inner_flame
D:6:      layout_loops_corners, makhleb_grotto_becter,
          minmay_temple_entry_glassed_door, nicolae_shop_gadgets
D:7:      layout_basic, enter_bailey_2, ebering_ghost_disaster_area,
          minmay_manual_monstrance, uniq_maurice, uniq_joseph
D:8:      layout_gridville, serial_library_hellmonk_room_c
D:9:      minmay_skewed_foursquare, layout_irregular_city,
          nicolae_ru_the_path_less_chosen, chequers_temple_overflow_minitemple,
          uniq_harold
D:10:     layout_roguey, hiddenorc1_lemuel
D:11:     layout_grid_maze, erik_lair_island, gauntlet_entry_generic,
          nicolae_inconvenience_store, uniq_nergalle
D:12:     layout_rooms, uniq_rupert
D:13:     minmay_coctagon, layout_stronghold,
          hangedman_vaults_entry_quadrant_bands, zin_purify
D:14:     layout_cross, kennysheep_nub, serial_shops,
          nicolae_shop_industrial_runoff, gammafunk_ghost_hive,
          hangedman_abyss_or_decor_passed, kennysheep_generic_room_16
D:15:     hangedman_depths_entry_try_elsewhere_first, layout_long_grid,
          ebering_ghost_disaster_area, uniq_jorgrun, uniq_agnes, uniq_roxanne
Lair:1:   layout_loops_ring, portal_ice_cave_entry_ice_simulacra, minmay_holes
Lair:2:   layout_regular_city, nicolae_snake_entry_squirm,
          hangedman_lair_unloving_vines, beast_lair_carwin_5
Lair:3:   layout_regular_city, nicolae_swamp_entry_splash_gauntlet, basic_altar,
          eino_house_with_fridge
Lair:4:   layout_hall_layers, ebering_ghost_funeral_grove, lemuel_fruit_tree,
          lemuel_fruit_fields
Lair:5:   gammafunk_lair_ancient_temple, layout_loops_ring,
          minmay_slime_entry_pillars, kennysheep_rathole
Snake:1:  layout_onion_interference, grunt_megastairs_4
Snake:2:  layout_grid_shapes, grunt_megastairs_5, uniq_louise
Snake:3:  layout_cave_town, serial_shops, shop, nicolae_stop_n_shop_2,
          nicolae_snake_gridmaze_tees
Orc:1:    layout_caves, enter_volcano_3, minmay_orc_treasury
Orc:2:    st_orc_elflike, layout_diamond_mine

Skill      XL: |  1  2  3  4  5  6  7  8  9 10 11 12 13 14 15 16 17 |
---------------+----------------------------------------------------+-----
Stealth        | 3 4 5 6 8 10 12 | 12.5
Conjurations   | 2 3 4 5 6 8 9 10 | 10.7
Spellcasting   | 3 4 5 6 7 8 9 10 11 12 13 | 13.7
Air Magic      | 4 5 6 7 8 9 10 11 12 13 14 | 14.5
Fighting       | 3 5 6 8 9 10 11 | 11.3
Shields        | 2 5 6 8 9 11 | 11.8
Maces & Flails | 4 5 |  5.2
Dodging        | 3 6 |  6.8
Polearms       | 1 |  1.9
Fire Magic     | 6 8 |  8.0

Action                     |  1- 3 |  4- 6 |  7- 9 | 10-12 | 13-15 | 16-18 || total
---------------------------+-------+-------+-------+-------+-------+-------++-------
  Melee: Unarmed           |    14 |       |       |       |       |       ||    14
         Constrict         |     2 |     2 |       |     4 |    14 |     5 ||    27
         Tentacles         |     1 |     2 |       |    11 |   109 |    29 ||   152
         Falchion          |     1 |     4 |       |       |       |       ||     5
         Whip              |       |     2 |       |    18 |    91 |       ||   111
         Staff             |       |       |       |    22 |   129 |    84 ||   235
         Punch             |       |       |       |       |    11 |     2 ||    13
         Trident           |       |       |       |       |    55 |    10 ||    65
         Demon trident     |       |       |       |       |       |     4 ||     4
  Throw: Dart              |       |       |       |     3 |     2 |       ||     5
   Cast: Shock             |    50 |   145 |   314 |    63 |    86 |       ||   658
         Static Discharge  |       |     6 |    42 |    51 |   232 |    11 ||   342
         Airstrike         |       |       |    19 |   334 |   644 |   401 ||  1398
         Stone Arrow       |       |       |     3 |     3 |     7 |     3 ||    16
         Swiftness         |       |       |       |     1 |     2 |     2 ||     5
         Arcjolt           |       |       |       |       |       |    46 ||    46
         Fireball          |       |       |       |       |       |     2 ||     2
         Plasma Beam       |       |       |       |       |       |     1 ||     1
 Invoke: Call Merchant     |       |       |       |       |       |     1 ||     1
  Evoke: Wand              |       |       |       |    21 |    19 |     3 ||    43
    Use: Scroll            |       |    10 |     5 |    11 |     8 |     4 ||    38
         Potion            |       |       |     2 |     4 |       |     7 ||    13
   Stab: Distracted        |       |       |       |     1 |     6 |       ||     7
 Armour: Skin              |    17 |    40 |   106 |   183 |   649 |   137 ||  1132
  Dodge: Dodged            |    25 |    37 |    57 |    98 |   333 |   118 ||   668
  Block: Buckler           |       |       |       |    34 |    54 |       ||    88
         Kite shield       |       |       |       |       |   368 |   279 ||   647
         Reflection        |       |       |       |       |     9 |    69 ||    78

Table legend: (Time is in decaauts)
 A = Elapsed time spent in this place.
 B = Non-inter-level travel time spent in this place.
 C = Inter-level travel time spent in this place.
 D = Time resting spent in this place.
 E = Time spent auto-exploring this place.
 F = Levels seen in this place.
 G = Mean time per level.
                   A        B        C        D        E       F      G
               +--------+--------+--------+--------+--------+-----+--------+
         Total |  49052 |  47586 |   1466 |   2292 |  38383 |  26 | 1886.6 |
       Dungeon |  24125 |  23302 |    823 |   1378 |  18984 |  15 | 1608.3 |
          Lair |  12924 |  12433 |    491 |    520 |  10023 |   5 | 2584.8 |
     Snake Pit |   4892 |   4818 |     74 |    148 |   3902 |   3 | 1630.7 |
  Orcish Mines |   5688 |   5611 |     77 |    102 |   4614 |   2 | 2844.0 |
        Bailey |   1421 |   1421 |      0 |    144 |    860 |   1 | 1421.0 |
               +--------+--------+--------+--------+--------+-----+--------+

Top non-repeatable levels by time:
   Orc:1: 3330 daAuts
  Lair:4: 3235 daAuts
  Lair:2: 3094 daAuts
  Lair:5: 2622 daAuts
 Snake:2: 2565 daAuts
    D:15: 2372 daAuts
   Orc:2: 2358 daAuts
  Lair:1: 2276 daAuts
    D:13: 2191 daAuts
    D:10: 2167 daAuts
     D:7: 2146 daAuts
 Snake:1: 1977 daAuts
    D:11: 1885 daAuts
     D:8: 1797 daAuts
  Lair:3: 1696 daAuts
